[Event "POR-chT 1st League 2017"]
[Site "Leiria"]
[Date "2017.07.17"]
[Round "1"]
[White "Luch, Michal"]
[Black "Santos, Antonio P"]
[Result "1-0"]
[ECO "D11"]
[WhiteElo "2393"]
[BlackElo "2237"]
[Annotator "NA"]
[PlyCount "91"]
[EventDate "2017.??.??"]
[EventType "team-tourn"]
[EventCountry "POR"]
[SourceTitle "playchess.com"]
[Source "ChessBase"]
[SourceQuality "1"]
[TimeControl "5400+30"]

1. d4 d5 2. c4 c6 3. Nf3 Nf6 4. e3 e6 5. Bd3 Nbd7 6. Nbd2 Bd6 7. O-O O-O 8. e4 e5 9. cxd5 cxd5 10. exd5 exd4 11. Ne4 Nxe4 12. Bxe4 Nf6 {[%emt 0:10:45] D30: Queen's Gambit Declined: Systems without Nc3} 13. Qxd4 (13. Bg5 Re8 {½-½ (13) Potkin,V (2599)-Dubov,D (2659) Sochi 2015}) 13... Nxe4 14. Qxe4 Re8 15. Qd4 Bf5 16. Bg5 Qa5 17. Bd2 Qc5 18. Bc3 $146 ({Predecessor:} 18. Rfe1 Rxe1+ 19. Rxe1 Rd8 20. Be3 Qxd4 21. Nxd4 {½-½ (86) Lipka,J (2431)-Simek,P (2253) Czechia 2008}) 18... Qxd4 19. Nxd4 Be4 20. Rad1 a6 21. Rfe1 h6 22. Ne6 fxe6 23. Rxe4 exd5 24. Rxe8+ Rxe8 25. Rxd5 Re6 26. h4 g6 27. g4 Be7 28. h5 gxh5 29. Rxh5 Bg5 30. Kg2 b5 31. Kf3 Kh7 32. Rh1 Re7 33. Rd1 Rf7+ 34. Kg3 Bf4+ 35. Kg2 Re7 36. Rd5 $18 Rf7 37. Rd8 Rb7 38. a3 Rb6 39. Rf8 Bc1 40. f4 Kg6 41. Kf3 Rc6 42. Kg3 h5 43. f5+ Kg5 44. Rg8+ Kh6 45. Rh8+ Kg5 46. Rxh5# 1-0

[Event "POR-chT 1st League 2017"]
[Site "Leiria"]
[Date "2017.07.17"]
[Round "1"]
[White "Espineira Gonzalez, Diego"]
[Black "Polaczek, Richard"]
[Result "1/2-1/2"]
[ECO "C04"]
[WhiteElo "2364"]
[BlackElo "2406"]
[Annotator "ChessBase"]
[PlyCount "84"]
[EventDate "2017.??.??"]
[EventType "team-tourn"]
[EventCountry "POR"]
[SourceTitle "playchess.com"]
[Source "ChessBase"]
[SourceQuality "1"]
[TimeControl "5400+30"]

1. e4 e6 2. d4 d5 3. Nd2 Nc6 4. Ngf3 Nf6 5. e5 Nd7 6. Be2 Be7 7. Nf1 O-O 8. Ne3 f6 9. exf6 Nxf6 10. O-O Bd6 11. c4 b6 12. a3 Ne7 13. b4 dxc4 14. Nxc4 Ned5 15. Qc2 Nf4 16. Bxf4 Bxf4 17. Rad1 Bb7 18. Nfe5 Qe8 19. Bf3 Bxf3 20. Nxf3 Nd5 21. Rfe1 a5 22. bxa5 b5 23. Ne3 Qh5 24. Nxd5 exd5 25. Qc3 Ra6 26. h3 Qf7 27. Rd3 c6 28. Re2 Qc7 29. Re6 Qd7 30. Qe1 Rxa5 31. Re7 Qf5 32. Qe6+ Qxe6 33. Rxe6 Rfa8 34. g3 Bc1 35. Ne5 Bxa3 36. Nxc6 Ra4 37. Rb3 Rc4 38. Ne5 Rc1+ 39. Kg2 b4 40. Nd3 Rc4 41. Rb6 Rxd4 42. Nxb4 Bxb4 1/2-1/2

[Event "POR-chT 1st League 2017"]
[Site "Leiria"]
[Date "2017.07.17"]
[Round "1"]
[White "Barrero Garcia, Carlos"]
[Black "Reis, Luis Sousa"]
[Result "1-0"]
[ECO "C02"]
[WhiteElo "2309"]
[BlackElo "2182"]
[Annotator "NA"]
[PlyCount "51"]
[EventDate "2017.??.??"]
[EventType "team-tourn"]
[EventCountry "POR"]
[SourceTitle "playchess.com"]
[Source "ChessBase"]
[SourceQuality "1"]
[TimeControl "5400+30"]

1. e4 e6 2. d4 d5 3. e5 Ne7 4. Nf3 Nd7 5. Bd3 c5 6. c3 Nc6 7. O-O Be7 8. Be3 Qb6 9. Qd2 c4 10. Be2 f6 11. exf6 Nxf6 12. Bxc4 dxc4 13. d5 Qa6 14. dxc6 Qxc6 15. Qe2 b5 16. a4 bxa4 17. Nd4 Qd5 18. Re1 Bd7 19. Nd2 $11 Rc8 20. N2f3 O-O 21. Bg5 Rb8 22. Ne5 Rfc8 23. Rad1 Bb5 24. Nf5 Qb7 25. Ng6 hxg6 26. Qxe6+ 1-0

[Event "POR-chT 1st League 2017"]
[Site "Leiria"]
[Date "2017.07.17"]
[Round "1"]
[White "Padeiro, Jose"]
[Black "Cavaleiro, Daniel Felipe Costa"]
[Result "*"]
[WhiteElo "2276"]
[BlackElo "2006"]
[Annotator "NA"]
[PlyCount "22"]
[EventDate "2017.??.??"]
[EventType "team-tourn"]
[EventCountry "POR"]
[SourceTitle "playchess.com"]
[Source "ChessBase"]
[SourceQuality "1"]
[TimeControl "5400+30"]

1. d4 c5 2. d5 e5 3. c4 d6 4. Nc3 Be7 5. Nf3 f5 6. h4 h6 7. e4 Nf6 8. Qc2 f4 9. g3 fxg3 $11 10. fxg3 O-O 11. Qg2 Qe8 *

[Event "POR-chT 1st League 2017"]
[Site "Leiria"]
[Date "2017.07.17"]
[Round "1"]
[White "Maisuradze, Nino"]
[Black "Andrade, Jose M Vieira"]
[Result "1-0"]
[ECO "A40"]
[WhiteElo "2266"]
[BlackElo "2223"]
[Annotator "NA"]
[PlyCount "45"]
[EventDate "2017.??.??"]
[EventType "team-tourn"]
[EventCountry "POR"]
[SourceTitle "playchess.com"]
[Source "ChessBase"]
[SourceQuality "1"]
[TimeControl "5400+30"]

1. d4 e6 2. Nf3 Nf6 3. Bf4 b6 4. e3 Bb7 5. Nbd2 Nh5 6. Bg5 Be7 7. h4 f5 8. Bd3 Nf6 9. Bxf6 Bxf6 10. e4 fxe4 11. Nxe4 Qe7 12. c3 Nc6 13. Qe2 O-O-O 14. O-O-O Kb8 15. Kb1 d5 16. Neg5 e5 17. dxe5 Nxe5 18. Nxe5 Bxe5 19. Rde1 Rde8 20. Rh3 d4 21. cxd4 Bf6 22. Re3 Bxg5 23. hxg5 1-0

[Event "POR-chT 1st League 2017"]
[Site "Leiria"]
[Date "2017.07.17"]
[Round "1"]
[White "Diogo, Vasco"]
[Black "Neto, Horacio"]
[Result "1/2-1/2"]
[ECO "B32"]
[WhiteElo "2213"]
[BlackElo "2162"]
[Annotator "ChessBase"]
[PlyCount "124"]
[EventDate "2017.??.??"]
[EventType "team-tourn"]
[EventCountry "POR"]
[SourceTitle "playchess.com"]
[Source "ChessBase"]
[SourceQuality "1"]
[TimeControl "5400+30"]

1. e4 c5 2. Nf3 Nc6 3. d4 cxd4 4. Nxd4 e5 5. Nb5 d6 6. N1c3 a6 7. Na3 Be7 8. Nd5 Nf6 9. Be3 Nxd5 10. exd5 Nb8 11. Nc4 Nd7 12. a4 O-O 13. a5 f5 14. Be2 Rb8 15. O-O f4 16. Ba7 Ra8 17. Bb6 Qe8 18. Bc7 Qg6 19. Bh5 Qh6 20. Ra3 Nf6 21. Be2 Ne8 22. Bb6 Bf5 23. f3 Qg5 24. Nd2 Nf6 25. Bd3 Rac8 26. Rf2 Nd7 27. Bxf5 Rxf5 28. Ne4 Qg6 29. Rb3 Rh5 30. Re2 Nxb6 31. Rxb6 Rc7 32. Qd3 Rh6 33. c4 Qe8 34. Qb3 Qc8 35. c5 Rxc5 36. Re1 Rc1 37. Rd1 Bd8 38. Nc3 Qc5+ 39. Kh1 Rxd1+ 40. Qxd1 Bxb6 41. axb6 Qxb6 42. Qa4 Qd8 43. Ne4 Rh5 44. h3 h6 45. Qb4 Rf5 46. Nxd6 Rf6 47. Ne4 Rb6 48. Qc4 Rxb2 49. d6+ Kh7 50. Qf7 Rb1+ 51. Kh2 a5 52. Qe7 Qb6 53. Nf6+ Kg6 54. Qe8+ Kf5 55. Qd7+ Kxf6 56. Qe7+ Kg6 57. Qe6+ Kh7 58. Qf5+ Kg8 59. Qc8+ Kf7 60. Qf5+ Kg8 61. Qc8+ Kf7 62. Qf5+ Kg8 1/2-1/2

[Event "POR-chT 1st League 2017"]
[Site "Leiria"]
[Date "2017.07.17"]
[Round "1"]
[White "Leao, Tiago Miguel Da Sil"]
[Black "Moreira, Bruno Marcio Pascoa"]
[Result "1-0"]
[ECO "B42"]
[WhiteElo "2075"]
[BlackElo "1882"]
[Annotator "NA"]
[PlyCount "67"]
[EventDate "2017.??.??"]
[EventType "team-tourn"]
[EventCountry "POR"]
[SourceTitle "playchess.com"]
[Source "ChessBase"]
[SourceQuality "1"]
[TimeControl "5400+30"]

1. e4 c5 2. Nf3 e6 3. d4 cxd4 4. Nxd4 a6 5. Bd3 Bc5 6. Nb3 Ba7 7. O-O Nc6 8. Qe2 Nge7 9. Nc3 O-O 10. Be3 Bxe3 11. Qxe3 e5 12. Nd5 b5 13. a4 Rb8 14. axb5 axb5 15. Qe2 b4 16. Rfd1 d6 17. Bc4 Kh8 18. Qd2 f5 19. Nxe7 Nxe7 20. Qxd6 Qxd6 21. Rxd6 fxe4 22. Ra7 Nf5 23. Rc6 e3 24. fxe3 Nxe3 25. Be2 Bf5 26. Rcc7 g5 27. Nc5 Rbc8 28. Nd3 Nxc2 29. Nxe5 Rce8 30. Nf7+ Kg8 31. Nh6+ Kh8 32. Nxf5 Rxf5 33. Rxh7+ Kg8 34. Bc4+ 1-0

[Event "POR-chT 1st League 2017"]
[Site "Leiria"]
[Date "2017.07.17"]
[Round "1"]
[White "Pinheiro, Albano"]
[Black "Navarro Duarte, Carlos Enrique"]
[Result "1-0"]
[ECO "C44"]
[WhiteElo "2071"]
[BlackElo "2195"]
[Annotator "NA"]
[PlyCount "65"]
[EventDate "2017.??.??"]
[EventType "team-tourn"]
[EventCountry "POR"]
[SourceTitle "playchess.com"]
[Source "ChessBase"]
[SourceQuality "1"]
[TimeControl "5400+30"]

1. e4 e5 2. Nf3 Nc6 3. d4 exd4 4. Nxd4 Qe7 5. Nc3 Nf6 6. Nxc6 dxc6 7. Bd3 g6 8. O-O Bg7 9. h3 O-O 10. Bg5 h6 11. Bh4 g5 12. Bg3 Be6 $16 13. Qe2 Rac8 14. Rae1 Nd7 15. f4 Bd4+ 16. Kh2 f6 17. Bc4 Bf7 18. Bxf7+ Qxf7 19. Qd2 Bxc3 20. Qxc3 Rfe8 21. e5 Nf8 22. fxg5 hxg5 23. Rxf6 Qd5 24. Ref1 Re6 25. Qe3 Nh7 26. Rxe6 Qxe6 27. b3 b6 28. c4 c5 29. Rd1 Kg7 30. Qe4 c6 31. Rd6 Qf7 32. e6 Qe7 33. Rd7 1-0

[Event "POR-chT 1st League 2017"]
[Site "Leiria"]
[Date "2017.07.17"]
[Round "1"]
[White "Cavaleiro, Daniel Felipe Costa"]
[Black "Padeiro, Jose"]
[Result "0-1"]
[ECO "A44"]
[WhiteElo "2006"]
[BlackElo "2276"]
[Annotator "ChessBase"]
[PlyCount "58"]
[EventDate "2017.??.??"]
[EventType "team-tourn"]
[EventCountry "POR"]
[SourceTitle "playchess.com"]
[Source "ChessBase"]
[SourceQuality "1"]
[TimeControl "5400+30"]

1. d4 c5 2. d5 e5 3. c4 d6 4. Nc3 Be7 5. Nf3 f5 6. h4 h6 7. e4 Nf6 8. Qc2 f4 9. g3 fxg3 10. fxg3 O-O 11. Qg2 Qe8 12. Be2 Qg6 13. Ng5 Bd8 14. Ne6 Bxe6 15. dxe6 Ba5 16. O-O Bxc3 17. bxc3 Nc6 18. Bf3 Rae8 19. Rb1 Nd8 20. Rb2 b6 21. g4 Nxe6 22. h5 Qf7 23. Rbf2 Nh7 24. Bd1 Nf4 25. Bxf4 exf4 26. Ba4 Re5 27. Bc6 Qf6 28. Qf3 Ng5 29. Qd3 f3 0-1

[Event "POR-chT 1st League 2017"]
[Site "Leiria"]
[Date "2017.07.18"]
[Round "2"]
[White "Polaczek, Richard"]
[Black "Reis, Luis Sousa"]
[Result "1-0"]
[ECO "A46"]
[WhiteElo "2406"]
[BlackElo "2182"]
[Annotator "NA"]
[PlyCount "50"]
[EventDate "2017.??.??"]
[EventType "team-tourn"]
[EventCountry "POR"]
[SourceTitle "playchess.com"]
[Source "ChessBase"]
[SourceQuality "1"]
[TimeControl "5400+30"]

1. d4 Nf6 2. Nf3 e6 3. c4 c5 4. g3 cxd4 5. Nxd4 d5 6. Bg2 e5 7. Nf3 d4 8. O-O Nc6 9. e3 Be7 10. exd4 exd4 11. Nbd2 O-O 12. Nb3 d3 13. Be3 Bf5 14. Nfd4 Nxd4 15. Nxd4 Bg6 16. Bxb7 Rb8 17. Bf3 Rxb2 18. Nc6 Qc7 19. Re1 Bb4 20. Rf1 Bc3 21. Rb1 Ne4 22. Rxb2 Bxb2 23. Qa4 Rc8 24. Nxa7 Qxc4 25. Qd7 Rf8 1-0

[Event "POR-chT 1st League 2017"]
[Site "Leiria"]
[Date "2017.07.18"]
[Round "2"]
[White "Trigo Urquijo, Sergio"]
[Black "Tubio Agrasar, Pablo"]
[Result "1-0"]
[ECO "B23"]
[WhiteElo "2389"]
[BlackElo "1988"]
[Annotator "NA"]
[PlyCount "53"]
[EventDate "2017.??.??"]
[EventType "team-tourn"]
[EventCountry "POR"]
[SourceTitle "playchess.com"]
[Source "ChessBase"]
[SourceQuality "1"]
[TimeControl "5400+30"]

1. e4 c5 2. Nc3 d6 3. g3 Nf6 4. Bg2 g6 5. Nge2 Bg7 6. O-O O-O 7. h3 Nc6 8. d3 e6 9. f4 Nd4 10. Nxd4 cxd4 11. Ne2 Nd7 12. c3 dxc3 13. bxc3 b6 14. Ba3 Nc5 15. d4 Nb7 16. e5 Rb8 17. Qa4 a5 18. Rab1 Bd7 19. Bc6 Bxc6 20. Qxc6 Qc8 21. Qxc8 Rfxc8 22. Rxb6 dxe5 23. fxe5 Nd8 24. Rfb1 Nc6 25. Kf2 Bf8 26. Bxf8 Kxf8 27. Rxc6 1-0

[Event "POR-chT 1st League 2017"]
[Site "Leiria"]
[Date "2017.07.18"]
[Round "2"]
[White "Andrade, Jose M Vieira"]
[Black "Leao, Tiago Miguel Da Sil"]
[Result "0-1"]
[ECO "B21"]
[WhiteElo "2223"]
[BlackElo "2075"]
[Annotator "NA"]
[PlyCount "64"]
[EventDate "2017.??.??"]
[EventType "team-tourn"]
[EventCountry "POR"]
[SourceTitle "playchess.com"]
[Source "ChessBase"]
[SourceQuality "1"]
[TimeControl "5400+30"]

1. e4 c5 2. d4 cxd4 3. c3 Nf6 4. e5 Nd5 5. Nf3 Nc6 6. cxd4 d6 7. Bc4 dxe5 8. dxe5 e6 9. O-O Nb6 10. Bd3 Nb4 11. Be4 Qxd1 12. Rxd1 Bd7 13. Nc3 Bc6 14. Bxc6+ bxc6 15. b3 N4d5 16. Ne4 Be7 17. Bb2 Rc8 18. Rac1 c5 19. Ba3 Nd7 20. g3 O-O 21. Rd2 Rc6 22. Rdc2 Rfc8 23. Nd4 cxd4 24. Rxc6 Rxc6 25. Rxc6 Bxa3 26. Ra6 Nc5 27. Rxa3 Nxe4 28. Ra4 Ndc3 29. Rxa7 Kf8 30. f3 d3 31. fxe4 d2 32. Rd7 Nd5 0-1

[Event "POR-chT 1st League 2017"]
[Site "Leiria"]
[Date "2017.07.18"]
[Round "2"]
[White "Ulyanovskyy, Viktor"]
[Black "Lombaers, Peter"]
[Result "1/2-1/2"]
[ECO "B20"]
[WhiteElo "2219"]
[BlackElo "2327"]
[Annotator "NA"]
[PlyCount "57"]
[EventDate "2017.??.??"]
[EventType "team-tourn"]
[EventCountry "POR"]
[SourceTitle "playchess.com"]
[Source "ChessBase"]
[SourceQuality "1"]
[TimeControl "5400+30"]

1. e4 c5 2. c4 Nc6 3. Nc3 g6 4. g3 a6 5. Bg2 b5 6. d3 Bg7 7. Nge2 b4 8. Na4 d6 9. e5 Bd7 10. exd6 exd6 11. Bf4 Ne5 12. Nb6 Rb8 13. Nxd7 Qxd7 14. O-O Ne7 15. Qc2 O-O 16. Rad1 N5c6 17. Qc1 Rfe8 18. Rfe1 Nf5 19. Bh3 Re7 20. Bg5 Rxe2 21. Rxe2 Nfd4 22. Bxd7 Nxe2+ 23. Kf1 Nxc1 24. Bxc1 Nd4 25. b3 Rd8 26. Ba4 h6 27. h3 Ne6 28. Bc6 Nd4 29. Ba4 1/2-1/2

[Event "POR-chT 1st League 2017"]
[Site "Leiria"]
[Date "2017.07.18"]
[Round "2"]
[White "Carneiro, Carlos"]
[Black "Cavaleiro, Daniel Felipe Costa"]
[Result "0-1"]
[ECO "E17"]
[WhiteElo "2175"]
[BlackElo "2006"]
[Annotator "NA"]
[PlyCount "122"]
[EventDate "2017.??.??"]
[EventType "team-tourn"]
[EventCountry "POR"]
[SourceTitle "playchess.com"]
[Source "ChessBase"]
[SourceQuality "1"]
[TimeControl "5400+30"]

1. d4 Nf6 2. c4 e6 3. Nf3 b6 4. g3 Bb7 5. Bg2 Be7 6. O-O O-O 7. d5 exd5 8. Nh4 c6 9. cxd5 Nxd5 10. Nf5 Nf6 11. e4 d5 12. e5 Nfd7 13. f4 g6 14. Nxe7+ Qxe7 15. Nc3 Na6 16. Kh1 Nc7 17. Bd2 Ne8 18. f5 Qxe5 19. Qg4 Nef6 20. Qh4 Ba6 21. Rae1 Qd6 22. Bf4 Qc5 23. Be3 Qd6 24. Bf4 Qb4 25. Rf2 Rfe8 26. Rg1 Nh5 27. fxg6 hxg6 28. Qg5 Nxf4 29. gxf4 Qe7 30. Qh6 Qf8 31. Qh4 Qg7 32. Bh3 Nc5 33. f5 Bd3 34. Rfg2 d4 35. Rxg6 Qxg6 36. Rxg6+ fxg6 37. fxg6 Bxg6 38. Qxd4 Rad8 39. Qf6 Kh7 40. Qxc6 Rd2 41. Qc7+ Nd7 42. Qg3 Nf6 43. Bf1 Nh5 44. Qc7+ Kh6 45. Kg1 Rg8 46. Bc4 Rf8 47. Ne2 Be4 48. Nc3 Bg2 49. Qe7 Rdf2 50. Qe3+ Nf4 51. Nd1 Rf3 52. Qd2 Rf6 53. Nf2 Rg6 54. Bf7 Rg5 55. h4 Rg7 56. Qd6+ Kh7 57. Bc4 Bh3+ 58. Kh1 Rxf2 59. Bd3+ Nxd3 60. Qxd3+ Bf5 61. Qe3 Rxb2 0-1

[Event "POR-chT 1st League 2017"]
[Site "Leiria"]
[Date "2017.07.18"]
[Round "2"]
[White "Neto, Horacio"]
[Black "Barrero Garcia, Carlos"]
[Result "0-1"]
[ECO "E81"]
[WhiteElo "2162"]
[BlackElo "2309"]
[Annotator "NA"]
[PlyCount "56"]
[EventDate "2017.??.??"]
[EventType "team-tourn"]
[EventCountry "POR"]
[SourceTitle "playchess.com"]
[Source "ChessBase"]
[SourceQuality "1"]
[TimeControl "5400+30"]

1. d4 Nf6 2. c4 g6 3. Nc3 Bg7 4. e4 d6 5. f3 O-O 6. Nge2 c5 7. d5 e6 8. Ng3 exd5 9. cxd5 a6 10. a4 Nh5 11. Nxh5 gxh5 12. Be3 f5 13. Qd2 Qf6 14. exf5 Bxf5 15. Be2 Nd7 16. O-O Rae8 17. Rae1 Qg6 18. Kh1 Ne5 19. Ne4 Bxe4 20. fxe4 Qxe4 21. Bxh5 Rxf1+ 22. Rxf1 Nc4 23. Qe2 Nxe3 24. Bxe8 Qxe8 25. Rf3 Bd4 26. b3 Qe4 27. Rg3+ Kh8 28. Qe1 Ng4 0-1

[Event "POR-chT 1st League 2017"]
[Site "Leiria"]
[Date "2017.07.19"]
[Round "4"]
[White "Polaczek, Richard"]
[Black "Sousa, Andre Ventura"]
[Result "1/2-1/2"]
[ECO "D37"]
[WhiteElo "2406"]
[BlackElo "2368"]
[Annotator "NA"]
[PlyCount "70"]
[EventDate "2017.??.??"]
[EventType "team-tourn"]
[EventCountry "POR"]
[SourceTitle "playchess.com"]
[Source "ChessBase"]
[SourceQuality "1"]
[TimeControl "5400+30"]

1. d4 Nf6 2. Nf3 d5 3. c4 e6 4. Nc3 dxc4 5. Qa4+ c6 6. Qxc4 b5 7. Qd3 a6 8. e4 c5 9. dxc5 Bxc5 10. e5 Ng4 11. Qxd8+ Kxd8 12. Bg5+ Ke8 13. Ne4 Bb4+ 14. Bd2 Bxd2+ 15. Nexd2 Nc6 16. a4 Rb8 17. axb5 axb5 18. Rc1 Ncxe5 $15 19. Nxe5 Nxe5 20. Rc5 Nd7 21. Bxb5 Ke7 22. Bxd7 Bxd7 23. b3 Kd6 24. Rc3 Bb5 25. f3 Rhc8 26. Ne4+ Ke5 27. Kd2 f5 28. Nc5 Ra8 29. Rhc1 Ra2+ 30. R3c2 Rxc2+ 31. Rxc2 Kd5 32. b4 e5 33. Ra2 Kc4 34. Rc2+ Kd5 35. Ra2 Kc4 1/2-1/2

[Event "POR-chT 1st League 2017"]
[Site "Leiria"]
[Date "2017.07.19"]
[Round "4"]
[White "Trigo Urquijo, Sergio"]
[Black "Padeiro, Jose"]
[Result "1/2-1/2"]
[ECO "B10"]
[WhiteElo "2389"]
[BlackElo "2276"]
[Annotator "NA"]
[PlyCount "70"]
[EventDate "2017.??.??"]
[EventType "team-tourn"]
[EventCountry "POR"]
[SourceTitle "playchess.com"]
[Source "ChessBase"]
[SourceQuality "1"]
[TimeControl "5400+30"]

1. e4 c6 2. Nc3 d5 3. Qf3 e6 4. d4 Nf6 {[%emt 0:00:37] B11: Caro-Kann: Two Knights Variation} 5. e5 Nfd7 6. Qg3 (6. Nh3 Be7 7. Qg3 g6 8. Bg5 h6 9. Bxe7 Qxe7 {½-½ (9) Pilavov,G (2619)-Lastin,A (2617) Elista 2011}) 6... c5 7. Nb5 cxd4 8. Nf3 Nc6 9. Bd3 Nb4 $146 ({Predecessor:} 9... Nc5 10. Nbxd4 Nxd3+ 11. cxd3 Bb4+ 12. Kf1 g6 {0-1 (26) Van Riemsdijk,M (1833)-Garcia,L (2008) Sao Paulo 2013}) 10. O-O Nxd3 11. cxd3 a6 12. Nd6+ Bxd6 13. exd6 O-O 14. Bh6 Qf6 15. Bg5 Qg6 16. Be7 Qxg3 17. hxg3 Re8 18. Nxd4 e5 19. Nb3 Nb8 $11 20. Nc5 Bf5 21. f4 exf4 22. Rxf4 Bd7 23. Rb4 b5 24. Nxd7 Nxd7 25. a4 f6 26. axb5 axb5 27. Rc1 Kf7 28. Rxb5 Reb8 29. Rxb8 Rxb8 30. Rc7 Ke6 31. Rc2 Ne5 32. Re2 Kd7 33. Rc2 Ke6 34. Re2 Kd7 35. Rc2 Ke6 1/2-1/2

[Event "POR-chT 1st League 2017"]
[Site "Leiria"]
[Date "2017.07.19"]
[Round "4"]
[White "Rocha, Sergio"]
[Black "Santos, Jose Alves"]
[Result "1-0"]
[ECO "D02"]
[WhiteElo "2364"]
[BlackElo "2196"]
[Annotator "NA"]
[PlyCount "82"]
[EventDate "2017.??.??"]
[EventType "team-tourn"]
[EventCountry "POR"]
[SourceTitle "playchess.com"]
[Source "ChessBase"]
[SourceQuality "1"]
[TimeControl "5400+30"]

1. d4 d5 2. Nf3 e6 3. c4 c6 4. b3 f5 5. g3 Nf6 6. Bg2 Bb4+ 7. Bd2 Bd6 8. Qc1 Ne4 9. Bf4 Qa5+ 10. Bd2 Nxd2 11. Nbxd2 O-O 12. e3 Nd7 13. a3 Qd8 14. O-O g5 15. Ne1 h5 16. Nd3 Qf6 17. f4 g4 18. h3 gxh3 19. Bxh3 c5 20. cxd5 cxd4 21. Nc4 Bc5 22. dxe6 Qxe6 23. e4 Qg6 24. Ra2 fxe4 25. Bxd7 exd3 26. Ne5 Qd6 27. Rh2 Bxd7 28. Nxd7 Rf5 29. Qc4+ Kg7 30. Ne5 Raf8 31. b4 Bb6 32. Qxd3 Qe6 33. Re1 Rc8 34. Nf3 Rc3 35. Rxe6 Rxd3 36. Kg2 Rd5 37. Rh1 Rxa3 38. Ne5 d3 39. Rxh5 Ra2+ 40. Kh3 Rxe5 41. Rhxe5 Bg1 1-0

[Event "POR-chT 1st League 2017"]
[Site "Leiria"]
[Date "2017.07.19"]
[Round "4"]
[White "Hammes, Michael"]
[Black "Barrero Garcia, Carlos"]
[Result "1-0"]
[ECO "E97"]
[WhiteElo "2349"]
[BlackElo "2309"]
[Annotator "NA"]
[PlyCount "113"]
[EventDate "2017.??.??"]
[EventType "team-tourn"]
[EventCountry "POR"]
[SourceTitle "playchess.com"]
[Source "ChessBase"]
[SourceQuality "1"]
[TimeControl "5400+30"]

1. d4 Nf6 2. c4 g6 3. Nc3 Bg7 4. e4 d6 5. Nf3 {LiveBook: 28888 Games} O-O 6. Be2 e5 7. O-O Nc6 8. d5 Ne7 9. Nd2 a5 10. a3 Nd7 11. Rb1 f5 12. Qc2 Kh8 13. b4 Ng8 14. Bd3 {E97: King's Indian: Classical Main Line (6...e5 7 0-0 Nc6): 8 Be3 and 8 d5 Ne7, not 9 Ne1} (14. Nb3 a4 15. Nd2 Nh6 16. Nxa4 f4 17. Nc3 g5 18. g4 Nf6 19. h3 Nhg8 20. f3 h5 21. Rf2 Rf7 {½-½ (31) Roiz,M (2657)-Halkias,S (2566) Bursa 2010}) 14... f4 15. f3 Rf7 16. c5 $146 ({Predecessor:} 16. Na4 Bf8 17. c5 axb4 18. axb4 g5 19. Kh1 Rg7 20. Bb2 Nh6 21. Nc4 g4 {0-1 (32) Lock,G (2227)-Arakhamia Grant,K (2492) Edinburgh 2009}) 16... dxc5 17. bxc5 Nxc5 18. Be2 h5 19. Nb5 b6 20. Nc4 a4 $16 21. d6 c6 22. Nc7 Rb8 23. Bb2 Rxc7 24. dxc7 Qxc7 25. Nxb6 Rxb6 26. Qxc5 Qb7 27. Qc2 Be6 28. Ba1 Rb3 29. Rxb3 axb3 30. Qc3 Qa7+ 31. Kh1 Qxa3 32. Bb2 Qa4 33. Rc1 Ne7 34. Bc4 Bxc4 35. Qxc4 Qa2 36. Qc3 Qa4 37. Ra1 Qb5 38. Ba3 Nd5 39. exd5 e4 40. Qxc6 b2 41. Rb1 Qd3 42. Qe8+ Kh7 43. Qxe4 Qxa3 44. Rd1 Bf8 45. h3 Qb3 46. Qb1 Bd6 47. Rd2 Be5 48. Rd1 Bd6 49. Re1 Qxd5 50. Qxb2 Bc5 51. Qe5 Qd2 52. Rb1 Bd4 53. Qe7+ Kh6 54. h4 Bb2 55. Re1 Bf6 56. Qf8+ Kh7 57. Qf7+ 1-0

[Event "POR-chT 1st League 2017"]
[Site "Leiria"]
[Date "2017.07.19"]
[Round "4"]
[White "Andrade, Jose M Vieira"]
[Black "Diogo, Vasco"]
[Result "0-1"]
[ECO "B21"]
[WhiteElo "2223"]
[BlackElo "2213"]
[Annotator "NA"]
[PlyCount "108"]
[EventDate "2017.??.??"]
[EventType "team-tourn"]
[EventCountry "POR"]
[SourceTitle "playchess.com"]
[Source "ChessBase"]
[SourceQuality "1"]
[TimeControl "5400+30"]

1. e4 c5 2. d4 cxd4 3. c3 d3 4. Bxd3 Nc6 $14 {[%emt 0:00:05] LiveBook: 115 Games} 5. c4 g6 6. Nf3 Bg7 7. O-O Nf6 8. Nc3 O-O 9. h3 d6 10. Be3 Nd7 11. Rc1 Nc5 12. Bb1 b6 13. Qe2 Bb7 14. Rfd1 Rc8 15. Nd5 e6 16. Nc3 Qe7 17. Bg5 f6 18. Bf4 Rcd8 19. Nb5 e5 20. Be3 f5 21. Bg5 Bf6 22. Bh6 Bg7 23. Bg5 Bf6 24. Bh6 Bg7 25. Bxg7 Kxg7 26. exf5 gxf5 27. Qd2 Ne6 28. b4 Kh8 29. Nxd6 Ned4 30. Nxe5 Qxe5 31. c5 Ne2+ 32. Kh1 Nxc1 33. Qxc1 Ba8 34. Rd3 bxc5 35. bxc5 Qf6 36. Qd1 Ne5 37. Rg3 Nf7 38. Nxf7+ Rxf7 39. Qh5 Rg8 40. Bd3 Rxg3 41. fxg3 Bc6 42. Bc4 Rf8 43. Qe2 Re8 44. Qd2 Qe5 45. Kh2 Qxc5 46. Bf7 Re7 47. Qd8+ Kg7 48. Bb3 Qe5 49. Qg8+ Kh6 50. Qc4 Qe4 51. Qc1+ f4 52. Qd2 Rd7 53. Qf2 Qe3 54. Qb2 fxg3+ 0-1

[Event "POR-chT 1st League 2017"]
[Site "Leiria"]
[Date "2017.07.19"]
[Round "4"]
[White "Ulyanovskyy, Viktor"]
[Black "Maisuradze, Nino"]
[Result "0-1"]
[ECO "B51"]
[WhiteElo "2219"]
[BlackElo "2266"]
[Annotator "NA"]
[PlyCount "82"]
[EventDate "2017.??.??"]
[EventType "team-tourn"]
[EventCountry "POR"]
[SourceTitle "playchess.com"]
[Source "ChessBase"]
[SourceQuality "1"]
[TimeControl "5400+30"]

1. e4 c5 2. Nf3 d6 3. Bb5+ Nd7 4. O-O a6 5. Bxd7+ Bxd7 6. b3 Nf6 7. Re1 g6 8. Bb2 Bg7 9. c4 e5 10. Nc3 b5 11. d3 O-O 12. Nd2 b4 13. Nd5 a5 14. a3 h5 15. Qe2 h4 16. axb4 axb4 17. Rxa8 Qxa8 18. Ra1 Qb7 19. Qe1 Ra8 20. f4 Nxd5 21. cxd5 Bb5 22. Nc4 Bxc4 23. dxc4 exf4 24. Bxg7 Kxg7 25. Rxa8 Qxa8 26. e5 Qe8 27. e6 fxe6 28. dxe6 g5 29. g3 hxg3 30. hxg3 fxg3 31. Qe4 Qf8 32. Qb7+ Kh8 33. Kg2 Qf2+ 34. Kh3 Qh2+ 35. Kg4 g2 36. Kf5 g1=Q 37. Qa8+ Kg7 38. Qb7+ Kh6 39. Kf6 Qd4+ 40. Kf7 Qg7+ 41. Ke8 Qxb7 0-1

[Event "POR-chT 1st League 2017"]
[Site "Leiria"]
[Date "2017.07.19"]
[Round "4"]
[White "Carneiro, Carlos"]
[Black "Tubio Agrasar, Pablo"]
[Result "1/2-1/2"]
[ECO "A64"]
[WhiteElo "2175"]
[BlackElo "1988"]
[Annotator "NA"]
[PlyCount "108"]
[EventDate "2017.??.??"]
[EventType "team-tourn"]
[EventCountry "POR"]
[SourceTitle "playchess.com"]
[Source "ChessBase"]
[SourceQuality "1"]
[TimeControl "5400+30"]

1. d4 Nf6 2. c4 c5 3. d5 e6 4. Nc3 exd5 5. cxd5 d6 6. Nf3 g6 7. g3 Bg7 8. Bg2 O-O 9. O-O a6 10. a4 Re8 11. Nd2 Nbd7 12. h3 Rb8 13. Nc4 Nb6 14. Nxb6 Qxb6 15. a5 Qc7 16. e4 b5 17. axb6 Rxb6 18. Qa4 Rb4 19. Qa5 Qxa5 20. Rxa5 Nd7 21. Na4 Ne5 22. Nc3 Nd3 23. Ra2 Bd4 24. g4 h5 25. Bf3 Ne5 26. Kg2 hxg4 27. hxg4 Nxf3 28. Kxf3 Bxc3 29. bxc3 Rbxe4 30. Bf4 Rc4 31. Ra3 Bxg4+ 32. Kg3 g5 33. Kxg4 Re5 34. Rd1 Rxf4+ 35. Kg3 Re2 36. Rxa6 Rf6 37. Rd3 Rexf2 38. Rxd6 Rxd6 39. Kxf2 Kg7 40. c4 f5 41. Ra3 Kf6 42. Ra5 Ke5 43. Rxc5 Kf4 44. Rc6 Rd8 45. d6 g4 46. Ra6 g3+ 47. Kg2 Rh8 48. Ra5 Rh2+ 49. Kg1 Rc2 50. d7 Rc1+ 51. Kg2 Rc2+ 52. Kf1 Rc1+ 53. Kg2 Rc2+ 54. Kg1 Rc1+ 1/2-1/2